[Event "Titled Tuesday Blitz August 3 2021"]
[White "Heinemann, Josefine"]
[Black "Dang, Hoang Son"]
[WhiteFideId "12900460"]
[BlackFideId "12402435"]
[WhiteElo "2300"]
[BlackElo "2248"]
[Result "0-1"]
[Round "04"]
[TimeControl "180+1"]
[Date "2021.08.03"]
[WhiteClock "0:00:11"]
[BlackClock "0:00:33"]

1. e4 g6 2. d4 Bg7 3. Nc3 a6 4. Nf3 d6 5. a4 Nf6 6. Be2 O-O 7. O-O Bg4 8. h3 Bxf3 9. Bxf3 e5 10. Be3 Nc6 11. dxe5 dxe5 12. Be2 Nd4 13. Bc4 c6 14. a5 Qe7 15. Qc1 Rad8 16. f3 Nh5 17. Ne2 Nf4 18. Nxd4 Rxd4 19. Bxd4 Qg5 20. g4 Nxh3+ 21. Kh2 Nf4 22. Kg3 exd4 23. Rh1 Be5 24. Kf2 Kg7 25. Bd3 c5 26. b3 Re8 27. Qf1 Re6 28. Rd1 Rf6 29. Ke1 Ne6 30. Qe2 Bg3+ 31. Kf1 Qxg4 32. Kg2 Nf4+ 33. Kf1 Nxe2 34. Kxe2 Qxf3+ 0-1


[Site "https://www.chess.com"]

[Event "Titled Tuesday Blitz August 3 2021"]
[White "Hjartarson, Johann"]
[Black "Tsaruk, Maksim"]
[WhiteFideId "2300044"]
[BlackFideId "13511173"]
[WhiteElo "2502"]
[BlackElo "2184"]
[Result "1-0"]
[Round "04"]
[TimeControl "180+1"]
[Date "2021.08.03"]
[WhiteClock "0:00:51"]
[BlackClock "0:00:24"]

1. e4 e5 2. Nf3 Nc6 3. Bc4 Bc5 4. O-O Nf6 5. d3 d6 6. Bg5 h6 7. Bxf6 Qxf6 8. Nc3 Ne7 9. h3 a6 10. Nh2 Bd7 11. Kh1 O-O-O 12. Rb1 Qg6 13. b4 Bd4 14. Ne2 Bb6 15. b5 a5 16. Ng3 h5 17. c3 h4 18. Ne2 f5 19. f3 Rh5 20. Rb2 Rg5 21. Nc1 fxe4 22. dxe4 Bxh3 23. gxh3 Rg1+ 24. Rxg1 Qxg1+ 25. Qxg1 1-0


[Site "https://www.chess.com"]

[Event "Titled Tuesday Blitz August 3 2021"]
[White "Hryshchenko, Kamila"]
[Black "Puchka, Vladislav"]
[WhiteFideId "14147491"]
[BlackFideId "14134276"]
[WhiteElo "1966"]
[BlackElo "1924"]
[Result "1/2-1/2"]
[Round "04"]
[TimeControl "180+1"]
[Date "2021.08.03"]
[WhiteClock "0:01:24"]
[BlackClock "0:00:40"]

1. g3 d5 2. Bg2 c6 3. Nf3 Nf6 4. d3 g6 5. c3 Bg7 6. O-O O-O 7. Nbd2 Bg4 8. e4 Bxf3 9. Bxf3 dxe4 10. dxe4 e5 11. Bg2 Nbd7 12. Kh1 Nc5 13. Qc2 Nd3 14. h3 Bh6 15. Nb3 Nxc1 16. Nxc1 Qe7 17. Ne2 Rad8 18. Rad1 Rxd1 19. Rxd1 Rd8 20. Rd3 Rxd3 21. Qxd3 Qd7 22. Qxd7 Nxd7 23. f4 Bg7 24. f5 Kf8 25. g4 Ke8 26. g5 f6 27. h4 Kf7 28. Bh3 Nc5 29. Ng3 Nd3 30. Bf1 Nxb2 31. Be2 Na4 32. Bc4+ Kf8 33. Ne2 Nc5 34. Ng3 Na4 35. Ne2 Nc5 36. Ng3 Na4 1/2-1/2


[Site "https://www.chess.com"]

[Event "Titled Tuesday Blitz August 3 2021"]
[White "Ivanchuk, Vasyl"]
[Black "Gontcharov, Vladislav"]
[WhiteFideId "14100010"]
[BlackFideId "4123492"]
[WhiteElo "2859"]
[BlackElo "2532"]
[Result "1-0"]
[Round "04"]
[TimeControl "180+1"]
[Date "2021.08.03"]
[WhiteClock "0:00:41"]
[BlackClock "0:00:53"]

1. e4 e6 2. d4 d5 3. Nd2 Be7 4. c3 c5 5. dxc5 Nf6 6. exd5 Nxd5 7. Ne4 O-O 8. Bc4 b6 9. Nf3 bxc5 10. O-O Bb7 11. Re1 Nd7 12. Bg5 h6 13. Nd6 Bc6 14. Bxd5 Bxd5 15. Bxe7 Bxf3 16. Bxd8 Bxd1 17. Raxd1 Raxd8 18. Nb7 1-0


[Site "https://www.chess.com"]

[Event "Titled Tuesday Blitz August 3 2021"]
[White "Jobava, Baadur"]
[Black "Pinheiro, Iung Alicio de O."]
[WhiteFideId "13601520"]
[BlackFideId "2104350"]
[WhiteElo "2892"]
[BlackElo "2533"]
[Result "1-0"]
[Round "04"]
[TimeControl "180+1"]
[Date "2021.08.03"]
[WhiteClock "0:01:35"]
[BlackClock "0:00:02"]

1. e4 c6 2. c4 e5 3. Nc3 d6 4. Nf3 Nf6 5. d4 Nbd7 6. Be2 Be7 7. O-O O-O 8. Re1 a6 9. Bf1 b5 10. c5 Re8 11. h3 Qc7 12. cxd6 Bxd6 13. Bg5 h6 14. Bxf6 Nxf6 15. Rc1 Bb7 16. d5 c5 17. a4 b4 18. Nb1 a5 19. Nbd2 Nd7 20. Bb5 Ba6 21. Bxa6 Rxa6 22. Nc4 Nb6 23. Nxb6 Rxb6 24. Nd2 b3 25. Nc4 Rb4 26. Re3 Reb8 27. Rg3 Rxa4 28. Qh5 Kh8 29. Nxd6 Qxd6 30. Qxf7 Rg8 31. f3 c4 32. Rg6 Qc5+ 33. Kh2 Ra2 34. d6 Rxb2 35. d7 Rd2 36. Rxc4 Qf8 37. Qxf8 Rxf8 38. Rb6 Rxd7 39. Rxb3 Ra7 40. Ra3 Re8 41. Raa4 Ra6 42. Rc5 Rb8 43. Rcxa5 Rxa5 44. Rxa5 Re8 45. h4 h5 46. Kg3 Kh7 47. Ra6 g6 48. Ra7+ Kh6 49. Ra5 Re7 50. Rd5 Re8 51. Rd7 Re6 52. f4 exf4+ 53. Kxf4 Rf6+ 54. Ke3 Re6 55. Kd4 Ra6 56. e5 Ra4+ 57. Kd5 Ra5+ 58. Kd6 Ra6+ 59. Ke7 Kg7 60. e6 Ra8 61. g3 Rb8 62. Ra7 1-0


[Site "https://www.chess.com"]

[Event "Titled Tuesday Blitz August 3 2021"]
[White "Jovic, Stanoje"]
[Black "Hansen, Sune Berg"]
[WhiteFideId "905020"]
[BlackFideId "1400266"]
[WhiteElo "2286"]
[BlackElo "2651"]
[Result "0-1"]
[Round "04"]
[TimeControl "180+1"]
[Date "2021.08.03"]
[WhiteClock "0:00:48"]
[BlackClock "0:00:53"]

1. c4 e5 2. g3 Nf6 3. Bg2 d5 4. cxd5 Nxd5 5. Nf3 Nc6 6. O-O Nb6 7. b3 Bd6 8. Bb2 O-O 9. d4 e4 10. Nfd2 f5 11. Nc4 Nd5 12. Nc3 Be6 13. Nxd5 Bxd5 14. Ne3 Ne7 15. Qc2 c6 16. f3 exf3 17. exf3 f4 18. Nxd5 Nxd5 19. g4 Ne3 20. Qd3 Nxf1 21. Bxf1 Qe7 22. d5 c5 23. Bc3 Rae8 24. Re1 Qh4 25. Re6 Rxe6 26. dxe6 Rd8 27. Qe4 Qe7 28. Bd3 g6 29. Bb5 Bc7 30. Bd7 Rxd7 31. exd7 Qxd7 32. Qc4+ Qf7 33. Qxc5 Bb6 0-1


[Site "https://www.chess.com"]

[Event "Titled Tuesday Blitz August 3 2021"]
[White "Kalashian, David"]
[Black "Srihari L R"]
[WhiteFideId "13302418"]
[BlackFideId "46617116"]
[WhiteElo "2519"]
[BlackElo "2724"]
[Result "1-0"]
[Round "04"]
[TimeControl "180+1"]
[Date "2021.08.03"]
[WhiteClock "0:00:39"]
[BlackClock "0:00:01"]

1. e4 c5 2. Nc3 a6 3. Nf3 e6 4. d4 cxd4 5. Nxd4 Qc7 6. Qf3 Nf6 7. Bg5 Be7 8. O-O-O Nc6 9. Nxc6 bxc6 10. Qg3 Qa5 11. f4 h6 12. Bxf6 gxf6 13. Bc4 d5 14. Bb3 Bb7 15. Rhe1 h5 16. f5 Kd7 17. Qg7 Raf8 18. fxe6+ fxe6 19. exd5 cxd5 20. Nxd5 Bxd5 21. Rxd5+ exd5 22. Qxe7+ Kc8 23. Qe6+ Kb8 24. Bxd5 Re8 25. Qd6+ Qc7 26. Qb4+ Ka7 27. Rf1 Re5 28. Qd4+ Qb6 29. Qxb6+ Kxb6 30. Rxf6+ Kc5 31. Bf3 Rd8 32. b3 h4 33. Rxa6 Re1+ 34. Kb2 Rf1 35. h3 Rf2 36. Rc6+ Kb5 37. a4+ Ka5 38. Rc4 Rdd2 39. Rc6 Rd8 40. Ka3 Rd4 41. c3 1-0


[Site "https://www.chess.com"]

[Event "Titled Tuesday Blitz August 3 2021"]
[White "Kavyev, Ruslan"]
[Black "Devaev, Alexander"]
[WhiteFideId "34110981"]
[BlackFideId "4169395"]
[WhiteElo "2172"]
[BlackElo "2185"]
[Result "0-1"]
[Round "04"]
[TimeControl "180+1"]
[Date "2021.08.03"]
[WhiteClock "0:00:02"]
[BlackClock "0:00:08"]

1. d4 Nf6 2. c4 e6 3. g3 c5 4. Nf3 cxd4 5. Nxd4 Be7 6. Bg2 Nc6 7. O-O O-O 8. Nc3 Ne5 9. b3 d6 10. e4 a6 11. h3 Qc7 12. a4 Rb8 13. Be3 Re8 14. Rc1 Bf8 15. f4 Ng6 16. Kh2 b6 17. Qd2 Bb7 18. Rce1 Ba8 19. Bg1 Rbc8 20. f5 Ne5 21. Rc1 h6 22. Be3 Nfd7 23. Qf2 Nc5 24. Qe2 Nc6 25. Qh5 Nxd4 26. Bxd4 Nxb3 27. fxe6 fxe6 28. Rcd1 Nxd4 29. Rxd4 e5 30. Nd5 Bxd5 31. Rxd5 Qxc4 32. Qf7+ Kh8 33. Qg6 b5 34. axb5 axb5 35. Rf7 Re7 36. Rf1 Rb7 37. h4 Qe2 38. Qf5 Rbc7 39. Rf2 Qe1 40. Rf1 Qe2 41. Rf2 Qe3 42. Rf3 Qc1 43. Rf1 Qb2 44. Kh1 Be7 45. Rdd1 Rc2 46. Rg1 Bf6 47. Rb1 Qc3 48. Rxb5 Qxg3 49. h5 Qh4+ 50. Qh3 Qf4 51. Rb2 R2c3 52. Rf2 Rxh3+ 53. Bxh3 Qxe4+ 0-1


[Site "https://www.chess.com"]

[Event "Titled Tuesday Blitz August 3 2021"]
[White "Khoroshev, Nikita"]
[Black "Andrews, Todd"]
[WhiteFideId "14200287"]
[BlackFideId "2012456"]
[WhiteElo "2328"]
[BlackElo "2421"]
[Result "0-1"]
[Round "04"]
[TimeControl "180+1"]
[Date "2021.08.03"]
[WhiteClock "0:00:21"]
[BlackClock "0:00:09"]

1. d4 Nf6 2. c4 c5 3. d5 b5 4. a4 bxc4 5. Nc3 d6 6. Nf3 g6 7. e4 Ba6 8. Nd2 Bg7 9. Bxc4 O-O 10. O-O Nfd7 11. Qe2 Bxc4 12. Nxc4 Nb6 13. Ne3 a5 14. Bd2 Na6 15. b3 Nb4 16. Rac1 e6 17. dxe6 fxe6 18. Nb5 Rc8 19. Rfd1 Rc6 20. Bxb4 axb4 21. Qg4 d5 22. a5 Nd7 23. exd5 exd5 24. Rxd5 Qf6 25. Rf1 Ne5 26. Qe4 Re6 27. Nc7 Re7 28. Rxc5 Kh8 29. Ncd5 Qd6 30. Nxe7 Qxc5 31. N7d5 Qxa5 32. Qxb4 Qa2 33. Qb7 Nd3 34. Ng4 Qe2 35. Nde3 h5 36. Qe4 hxg4 37. Qxg4 Qxg4 38. Nxg4 Bd4 39. g3 Ne5 40. Nxe5 Bxe5 41. Kg2 Bd4 42. f4 Rb8 0-1


[Site "https://www.chess.com"]

[Event "Titled Tuesday Blitz August 3 2021"]
[White "Kobalia, Mikhail"]
[Black "Alavkin, Arseny"]
[WhiteFideId "4119150"]
[BlackFideId "4120612"]
[WhiteElo "2569"]
[BlackElo "2401"]
[Result "1-0"]
[Round "04"]
[TimeControl "180+1"]
[Date "2021.08.03"]
[WhiteClock "0:02:14"]
[BlackClock "0:00:46"]

1. e4 e6 2. d3 d5 3. Nd2 c5 4. Ngf3 Nc6 5. g3 Nf6 6. Bg2 g6 7. O-O Bg7 8. Re1 O-O 9. c3 a5 10. a4 b6 11. e5 Nd7 12. d4 Ba6 13. Nf1 cxd4 14. cxd4 Rc8 15. Bg5 Qe8 16. Ne3 h6 17. Bf4 g5 18. Bxg5 hxg5 19. Nxg5 f6 20. Nxe6 Qxe6 21. Bxd5 Qxd5 22. Nxd5 fxe5 23. Rc1 Rfe8 24. Qg4 Nxd4 25. Qxd7 Nf3+ 26. Kh1 Nxe1 27. Rxc8 Rxc8 1-0


[Site "https://www.chess.com"]

[Event "Titled Tuesday Blitz August 3 2021"]
[White "Korchmar, Vasiliy"]
[Black "Najdin, Danil"]
[WhiteFideId "24131750"]
[BlackFideId "4172426"]
[WhiteElo "2370"]
[BlackElo "2193"]
[Result "1-0"]
[Round "04"]
[TimeControl "180+1"]
[Date "2021.08.03"]
[WhiteClock "0:00:09"]
[BlackClock "0:00:01"]

1. e4 e5 2. Nf3 Nc6 3. Nc3 Nf6 4. Bb5 Bb4 5. O-O O-O 6. d3 Bxc3 7. bxc3 d6 8. Bg5 Ne7 9. Nh4 c6 10. Bc4 d5 11. Bb3 Qd6 12. Qf3 a5 13. a4 h6 14. Bc1 g5 15. Ba3 c5 16. Nf5 Nxf5 17. exf5 b6 18. Rfe1 Re8 19. h4 g4 20. Qg3 Bxf5 21. d4 Ne4 22. Qe3 exd4 23. cxd4 Qf6 24. Bxd5 Rad8 25. c4 Qxh4 26. dxc5 g3 27. fxg3 Nxg3 28. Qf3 Qd4+ 29. Kh2 Qh4+ 30. Kg1 Qd4+ 31. Qf2 bxc5 32. Bxc5 Qxf2+ 33. Bxf2 Ne2+ 34. Kh2 Nf4 35. Bb6 Rxe1 36. Rxe1 Rc8 37. Bxa5 Nxd5 38. cxd5 Rc5 39. Bb6 Rxd5 40. a5 Bd3 41. Rd1 Bc4 42. Rc1 Ba6 43. Rc7 Rd2 44. Ra7 Bf1 45. Ra8+ Kh7 46. Rf8 1-0


[Site "https://www.chess.com"]

[Event "Titled Tuesday Blitz August 3 2021"]
[White "Kovalev, Egor"]
[Black "Odegov, Artem"]
[WhiteFideId "24124117"]
[BlackFideId "34183644"]
[WhiteElo "2253"]
[BlackElo "2288"]
[Result "1-0"]
[Round "04"]
[TimeControl "180+1"]
[Date "2021.08.03"]
[WhiteClock "0:00:06"]
[BlackClock "0:00:14"]

1. e4 e6 2. d4 d5 3. Nd2 Nf6 4. e5 Nfd7 5. Bd3 c5 6. c3 Nc6 7. Ngf3 cxd4 8. cxd4 Qb6 9. O-O Nxd4 10. Nxd4 Qxd4 11. Nf3 Qb6 12. Qa4 Qd8 13. Qg4 a6 14. Bd2 Nc5 15. Bc2 Bd7 16. a4 h5 17. Qg3 Rc8 18. Rfd1 h4 19. Qg4 Bc6 20. b4 Ne4 21. Ng5 Nxg5 22. Bxg5 Be7 23. Bxe7 Qxe7 24. Qxg7 Qf8 25. Qg4 Bd7 26. Bd3 Qh6 27. b5 a5 28. Be2 Ke7 29. Bf3 Rc4 30. Rd4 Rhc8 31. Rad1 b6 32. h3 Rc3 33. R4d3 R8c4 34. Rxc3 Rxc3 35. Qg8 Be8 36. Qg4 Rc4 37. Rd4 Qc1+ 38. Kh2 Kd7 39. Qxh4 Rxd4 40. Qxd4 Qc5 41. Qd1 Kc7 42. Qd2 Qc4 43. Bd1 d4 44. g4 Bd7 45. h4 Bc8 46. h5 Kb8 47. h6 Qd5 48. h7 Qd8 49. Qh6 Qh8 50. Bf3 Bb7 51. Bxb7 Kxb7 52. Qf6 Qxh7+ 53. Kg3 Qg6 54. Qxg6 fxg6 55. Kf4 g5+ 56. Ke4 Kc7 57. Kxd4 Kd7 58. Ke4 Ke7 59. f4 Kf7 60. f5 Ke7 61. fxe6 Kxe6 62. Kd4 Ke7 63. Kd5 Kd7 64. e6+ Ke7 65. Ke5 Kf8 66. Kf6 Ke8 67. e7 Kd7 68. Kf7 Kc7 69. e8=Q Kd6 70. Qc6+ Ke5 71. Qxb6 Kf4 72. Qd4+ Kg3 73. Kg6 Kh4 74. Kf5 Kg3 75. b6 Kh3 76. b7 Kh4 77. Qf2+ Kh3 78. Qf1+ Kh4 79. Qh1+ Kg3 80. b8=Q+ Kf2 81. Qb2+ Ke3 82. Qe4# 1-0


[Site "https://www.chess.com"]

[Event "Titled Tuesday Blitz August 3 2021"]
[White "Krishnakumar, Sriram"]
[Black "Angel_Hranitel_37"]
[WhiteFideId "30915856"]
[WhiteElo "2287"]
[BlackElo "2560"]
[Result "1-0"]
[Round "04"]
[TimeControl "180+1"]
[Date "2021.08.03"]
[WhiteClock "0:00:29"]
[BlackClock "0:00:16"]

1. e4 c5 2. Nf3 e6 3. g3 d5 4. exd5 exd5 5. Bg2 Nc6 6. d4 Bg4 7. O-O cxd4 8. Nbd2 Nf6 9. Re1+ Be7 10. h3 Bh5 11. Nb3 O-O 12. Nbxd4 Bc5 13. Be3 Nxd4 14. Bxd4 Bxd4 15. Qxd4 Rc8 16. c3 Qa5 17. a3 Rc4 18. Qd2 Qb6 19. Ne5 Re4 20. Bxe4 Nxe4 21. Qe3 Qxb2 22. Rab1 Qxa3 23. Rxb7 Re8 24. g4 Bg6 25. Nxg6 hxg6 26. Rxa7 Qd6 27. Qf3 f6 28. Qe3 Re5 29. Ra8+ Kh7 30. Qf4 g5 31. Qf3 Qc6 32. Rd8 Qb6 33. Rxd5 Nxf2 34. Rdxe5 Nxh3+ 35. Kh2 Nf4 36. Re8 Qb2+ 37. R1e2 Qc1 38. Qe4+ g6 39. Qe7+ 1-0


[Site "https://www.chess.com"]

[Event "Titled Tuesday Blitz August 3 2021"]
[White "Labussiere, Victor"]
[Black "Quparadze, Giga"]
[WhiteFideId "2183129"]
[BlackFideId "13602250"]
[WhiteElo "2323"]
[BlackElo "3009"]
[Result "0-1"]
[Round "04"]
[TimeControl "180+1"]
[Date "2021.08.03"]
[WhiteClock "0:00:24"]
[BlackClock "0:01:20"]

1. e4 c5 2. Nf3 e6 3. c3 d5 4. exd5 Qxd5 5. d4 Nc6 6. Na3 Nf6 7. Nb5 Qd8 8. dxc5 Bxc5 9. Qxd8+ Kxd8 10. Bf4 Ne4 11. Nbd4 Nxd4 12. cxd4 Bb4+ 13. Nd2 Ke7 14. Bd3 Nxd2 15. Bxd2 Bxd2+ 16. Kxd2 Bd7 17. Be4 Rac8 18. Rhc1 b6 19. Rxc8 Rxc8 20. Rc1 Rxc1 21. Kxc1 h6 22. Kd2 Kd6 23. f4 Bb5 24. Ke3 Bc4 25. a3 Bd5 26. g3 Bxe4 27. Kxe4 f5+ 28. Ke3 Kd5 29. b3 b5 30. h4 g6 31. Kd3 a5 32. a4 bxa4 33. bxa4 h5 34. Kc3 Ke4 35. Kc4 Kf3 36. Kb5 Kxg3 37. Kxa5 Kxf4 38. Kb6 Ke3 39. a5 f4 40. a6 f3 41. a7 f2 42. a8=Q f1=Q 43. Qe8 Qf5 44. Qd8 Qd5 45. Qxd5 exd5 0-1


[Site "https://www.chess.com"]

[Event "Titled Tuesday Blitz August 3 2021"]
[White "Le, Tuan Minh"]
[Black "Demidov, Mikhail"]
[WhiteFideId "12401153"]
[BlackFideId "4197143"]
[WhiteElo "2450"]
[BlackElo "2598"]
[Result "1-0"]
[Round "04"]
[TimeControl "180+1"]
[Date "2021.08.03"]
[WhiteClock "0:00:14"]
[BlackClock "0:00:12"]

1. d4 g6 2. Nf3 Bg7 3. c3 d6 4. Bg5 h6 5. Bh4 Nf6 6. Nbd2 Bf5 7. Qb3 Qc8 8. Bxf6 Bxf6 9. e4 Be6 10. Bc4 Bxc4 11. Nxc4 Bg7 12. O-O O-O 13. Rfe1 e6 14. Rad1 Nd7 15. h4 Rb8 16. a4 a6 17. a5 Qd8 18. Qc2 d5 19. exd5 exd5 20. Ne3 Nf6 21. g3 c6 22. b4 Qc7 23. Ng2 Rbe8 24. Nf4 Qc8 25. Kg2 Rxe1 26. Rxe1 Re8 27. Re2 Rxe2 28. Qxe2 Qe8 29. Qxe8+ Nxe8 30. Nd3 Bf8 31. Nfe5 Nd6 32. Nc5 Be7 33. Kf3 Kf8 34. Ke2 Ke8 35. Kd3 h5 36. c4 g5 37. hxg5 Bxg5 38. cxd5 cxd5 39. Nf3 Bc1 40. Ng1 Kd8 41. Ne2 Bh6 42. Nc3 Kc7 43. Nxd5+ Kc6 44. Nc3 Bg5 45. d5+ Kc7 46. N3e4 Be7 47. Nxd6 Bxd6 48. Kc4 Be7 49. Ne4 Kd7 50. b5 h4 51. gxh4 axb5+ 52. Kxb5 Bxh4 53. f3 Bd8 54. Nc5+ Kc7 55. d6+ Kc8 56. f4 Bh4 57. f5 Bg3 58. d7+ Kc7 59. Nxb7 Kxd7 60. a6 Bb8 61. Kc5 Ba7+ 62. Kd5 Kc7 63. Nd6 Kb6 64. Nc8+ Kxa6 65. Nxa7 Kxa7 66. Kd6 Kb7 67. Ke7 Kc7 68. Kxf7 Kd6 69. f6 Kd7 70. Kg7 1-0


[Site "https://www.chess.com"]

[Event "Titled Tuesday Blitz August 3 2021"]
[White "Liyanage, Ranindu Dilshan"]
[Black "Jian, Alex"]
[WhiteFideId "9915834"]
[BlackFideId "30901022"]
[WhiteElo "1839"]
[BlackElo "2111"]
[Result "1-0"]
[Round "04"]
[TimeControl "180+1"]
[Date "2021.08.03"]
[WhiteClock "0:00:12"]
[BlackClock "0:00:08"]

1. e4 c5 2. Nf3 Nc6 3. Bb5 g6 4. O-O Bg7 5. Re1 Nf6 6. c3 O-O 7. d4 d5 8. e5 Ne4 9. Bxc6 bxc6 10. Be3 cxd4 11. cxd4 Qb6 12. Qc1 Bg4 13. Nfd2 Nxd2 14. Nxd2 Rab8 15. Rb1 Bf5 16. Ra1 c5 17. dxc5 Qxb2 18. Qxb2 Rxb2 19. Nf3 Be4 20. Bd4 Rb4 21. a3 Rc4 22. Rac1 Bxf3 23. Rxc4 dxc4 24. gxf3 Rd8 25. Re4 Rc8 26. f4 e6 27. Be3 Bf8 28. Rxc4 Rc6 29. Ra4 Bxc5 30. Rc4 Bxe3 31. Rxc6 Bxf4 32. Rc5 Bd2 33. Kf1 Bf4 34. Ra5 Bxh2 35. Ke2 h5 36. Kf3 Kg7 37. Ke4 g5 38. Rxa7 h4 39. Ra5 Kg6 40. Kf3 Kf5 41. Kg2 Bxe5 42. Rb5 g4 43. a4 h3+ 44. Kh1 Ke4 45. a5 Bd4 46. Rb4 e5 47. a6 Kf3 48. a7 Kxf2 49. a8=Q g3 50. Qa2+ Kf3 51. Rb3+ Be3 52. Rxe3+ Kxe3 53. Qb3+ Kf2 54. Qc2+ Kf3 55. Qd3+ Kf2 56. Qd2+ Kf3 57. Qd3+ Kf2 58. Qf5+ Ke2 59. Qxh3 Kf2 60. Qg2+ Ke3 61. Qxg3+ Ke4 62. Kg2 f5 63. Qf3+ Kd4 64. Qxf5 e4 65. Kf2 Kd3 66. Qg6 Kd4 67. Ke2 Ke5 68. Qg4 Kd5 69. Qf4 Kd4 70. Qg4 Ke5 71. Ke3 Kd5 72. Qxe4+ Kd6 73. Qf5 Kc6 74. Kd4 Kb7 75. Qe6 1-0


[Site "https://www.chess.com"]

[Event "Titled Tuesday Blitz August 3 2021"]
[White "Matinian, Nikita"]
[Black "Leve, Nitai"]
[WhiteFideId "24129100"]
[BlackFideId "2006898"]
[WhiteElo "2410"]
[BlackElo "2144"]
[Result "1-0"]
[Round "04"]
[TimeControl "180+1"]
[Date "2021.08.03"]
[WhiteClock "0:01:54"]
[BlackClock "0:00:04"]

1. e4 e6 2. d4 d5 3. Nc3 Nf6 4. e5 Nfd7 5. f4 c5 6. Nf3 Nc6 7. Be3 cxd4 8. Nxd4 a6 9. Qd2 Bc5 10. O-O-O O-O 11. h4 Bxd4 12. Bxd4 b5 13. h5 b4 14. Ne2 Qc7 15. h6 g6 16. g4 a5 17. f5 Ndxe5 18. Nf4 Nf3 19. Qe3 Ncxd4 20. Rxd4 Nxd4 21. Qxd4 e5 22. Nxd5 exd4 23. Nxc7 Bb7 24. Rg1 Rad8 25. Bd3 Rd7 26. Nb5 Ba6 27. Re1 Rdd8 28. Re7 gxf5 29. gxf5 Rfe8 30. f6 Rxe7 31. fxe7 Re8 32. Nc7 Rxe7 33. Nxa6 Re6 34. Nc5 Rxh6 35. Nb3 Rh2 36. Nxa5 h5 37. Nc6 h4 38. Nxb4 h3 39. a4 1-0


[Site "https://www.chess.com"]

[Event "Titled Tuesday Blitz August 3 2021"]
[White "Mekhitarian, Krikor Sevag"]
[Black "Zhao, Erick"]
[WhiteFideId "2107660"]
[BlackFideId "30946930"]
[WhiteElo "2776"]
[BlackElo "2524"]
[Result "1-0"]
[Round "04"]
[TimeControl "180+1"]
[Date "2021.08.03"]
[WhiteClock "0:01:24"]
[BlackClock "0:00:08"]

1. e4 c5 2. Nf3 d6 3. d4 cxd4 4. Qxd4 Nc6 5. Qe3 g6 6. h3 Nf6 7. Be2 Bg7 8. O-O O-O 9. c4 b6 10. Nc3 Bb7 11. Rd1 Rb8 12. Rb1 Nd7 13. b3 Nc5 14. Bb2 e6 15. Nb5 Bxb2 16. Rxb2 Qf6 17. Rbd2 Ba8 18. Nxd6 Ne5 19. Nxe5 Qxe5 20. f4 Qg7 21. e5 h6 22. b4 Na6 23. a3 g5 24. Bf3 gxf4 25. Qxf4 Bxf3 26. Qxf3 Qxe5 27. Re2 Qg7 28. Re4 Kh8 29. Rg4 Qh7 30. Qf6+ 1-0


[Site "https://www.chess.com"]

[Event "Titled Tuesday Blitz August 3 2021"]
[White "MikeKorovin"]
[Black "Oparin, Grigoriy"]
[BlackFideId "24125890"]
[WhiteElo "2725"]
[BlackElo "2628"]
[Result "0-1"]
[Round "04"]
[TimeControl "180+1"]
[Date "2021.08.03"]
[WhiteClock "0:00:10"]
[BlackClock "0:02:35"]

1. Nf3 e6 2. b3 d5 3. Bb2 Nf6 4. d3 Bd6 5. Nbd2 O-O 6. e4 e5 7. Be2 Re8 8. O-O c6 9. Re1 a5 10. a4 Na6 11. Bf1 Qc7 12. g3 Bg4 13. h3 Bh5 14. Bg2 Rad8 15. Qc1 Nb4 16. Nf1 dxe4 17. dxe4 Bc5 18. N3d2 b5 19. Bc3 Qb6 20. Ne3 Bd4 21. Bxd4 exd4 22. Nf5 d3 23. cxd3 Nxd3 24. Qc3 Qxf2+ 25. Kh2 Nxe1 0-1


[Site "https://www.chess.com"]

[Event "Titled Tuesday Blitz August 3 2021"]
[White "Mitusov, Semen"]
[Black "Goltsev, Dmitry"]
[WhiteFideId "14151049"]
[BlackFideId "24176710"]
[WhiteElo "2525"]
[BlackElo "2822"]
[Result "0-1"]
[Round "04"]
[TimeControl "180+1"]
[Date "2021.08.03"]
[WhiteClock "0:00:26"]
[BlackClock "0:01:39"]

1. e4 e6 2. Nf3 d5 3. Nc3 Nf6 4. e5 Nfd7 5. d4 c5 6. dxc5 Bxc5 7. Bd3 Nc6 8. Bf4 a6 9. a3 h6 10. Bg3 b5 11. O-O Bb7 12. Ne2 g5 13. c3 h5 14. h4 g4 15. Nfd4 Ncxe5 16. Bc2 Nc4 17. b4 Be7 18. a4 Bxh4 19. Bxh4 Qxh4 20. axb5 Nde5 21. bxa6 Rxa6 22. Rxa6 Bxa6 23. Ba4+ Kf8 24. b5 Bb7 25. Nf4 Rg8 26. g3 Qf6 27. Qe2 h4 28. Bc2 Rh8 29. Nd3 Nf3+ 30. Nxf3 gxf3 31. Qd2 Nxd2 0-1


[Site "https://www.chess.com"]

[Event "Titled Tuesday Blitz August 3 2021"]
[White "Mohammad Nubairshah Shaikh"]
[Black "Cunjalo, Faris"]
[WhiteFideId "5053196"]
[BlackFideId "14410710"]
[WhiteElo "2382"]
[BlackElo "2234"]
[Result "1-0"]
[Round "04"]
[TimeControl "180+1"]
[Date "2021.08.03"]
[WhiteClock "0:00:40"]
[BlackClock "0:00:02"]

1. d4 e6 2. Nf3 d5 3. Bf4 Bd6 4. Bxd6 Qxd6 5. e3 Nf6 6. c4 c5 7. Nc3 dxc4 8. dxc5 Qxc5 9. Qa4+ Bd7 10. Qxc4 Qb6 11. Be2 O-O 12. Qd4 Qxb2 13. Rb1 Qa3 14. Rxb7 Nc6 15. Qd2 Na5 16. Nb5 Bxb5 17. Rxb5 Nc6 18. Rb3 Qe7 19. O-O Rfd8 20. Qc2 Rd6 21. Rc3 Nb4 22. Qb2 Nbd5 23. Rc4 Rb6 24. Qc2 Rd8 25. Rd1 Rbb8 26. a4 Nb4 27. Qc1 a5 28. Ne5 Rxd1+ 29. Qxd1 Rd8 30. Qc1 Nfd5 31. e4 Nf6 32. Rc7 Nd7 33. Bb5 Qd6 34. Nxd7 1-0


[Site "https://www.chess.com"]

[Event "Titled Tuesday Blitz August 3 2021"]
[White "Mortazavi, Ali"]
[Black "Zapata Arbelaez, Estiven"]
[WhiteFideId "401323"]
[BlackFideId "4406311"]
[WhiteElo "2339"]
[BlackElo "2067"]
[Result "1-0"]
[Round "04"]
[TimeControl "180+1"]
[Date "2021.08.03"]
[WhiteClock "0:00:17"]
[BlackClock "0:00:05"]

1. Nf3 d5 2. g3 Nf6 3. Bg2 c6 4. O-O Bf5 5. d3 e6 6. c4 Bd6 7. Be3 Nbd7 8. Qb3 Qc8 9. Nc3 O-O 10. cxd5 exd5 11. Rac1 Qb8 12. Nh4 Be6 13. d4 Ne4 14. Nf3 Re8 15. Nd2 f5 16. Nf3 h6 17. Qc2 Ndf6 18. Rfd1 Qd8 19. Ne5 Nd7 20. f4 Qf6 21. Nxe4 fxe4 22. Rf1 Bxe5 23. dxe5 Qg6 24. b4 a6 25. a4 Rac8 26. Qd2 h5 27. Kh1 h4 28. gxh4 Bf5 29. Rg1 Qh7 30. Qe1 Re6 31. Bf2 Kf7 32. b5 axb5 33. axb5 Ra8 34. bxc6 bxc6 35. Qb4 Rae8 36. Qb7 1-0


[Site "https://www.chess.com"]

[Event "Titled Tuesday Blitz August 3 2021"]
[White "Murzin, Volodar"]
[Black "Grachev, Boris"]
[WhiteFideId "44155573"]
[BlackFideId "4129199"]
[WhiteElo "2541"]
[BlackElo "2595"]
[Result "1-0"]
[Round "04"]
[TimeControl "180+1"]
[Date "2021.08.03"]
[WhiteClock "0:00:05"]
[BlackClock "0:00:02"]

1. e4 c5 2. Nf3 e6 3. g3 Nc6 4. Bg2 Nf6 5. Qe2 d6 6. O-O Be7 7. c3 O-O 8. d4 d5 9. e5 Nd7 10. Be3 b6 11. a4 a5 12. Rc1 Ba6 13. Qd2 Rc8 14. Bf1 Bxf1 15. Kxf1 f6 16. exf6 Nxf6 17. Qe2 Ne4 18. Nbd2 Kh8 19. Kg2 cxd4 20. cxd4 Nd6 21. Bf4 Qd7 22. Ne5 Nxe5 23. Bxe5 Nf5 24. Qb5 Qxb5 25. axb5 Bd6 26. Nf3 Bxe5 27. dxe5 h6 28. g4 Ne7 29. Nd4 Ng6 30. Nxe6 Rfe8 31. Rxc8 Rxc8 32. Re1 Rc4 33. Kg3 h5 34. gxh5 Ne7 35. f4 Kh7 36. Kg4 Rc2 37. f5 Rg2+ 38. Kf3 Rxb2 39. f6 gxf6 40. exf6 Ng6 41. f7 Rb3+ 42. Kg4 Rb4+ 43. Kg5 Nf8 44. Nxf8+ Kg7 45. Ng6 Kxf7 46. Re7+ Kg8 47. h6 1-0


[Site "https://www.chess.com"]